Cogmind - Beta 17 @@@ ROGUE MODE // 2026.07.05 @ 17:11:15 Player: tuuli Result: Destroyed by G-47 Trooper with Particle Gun Performance ------------- Evolutions (2) 1000 Regions Visited (3) 600 Robots Destroyed (41) 205 Value Destroyed (1456) 1456 Prototype IDs (1) 20 Alien Tech Used (0) 0 Bonus (200) 200 TOTAL SCORE: 3481 Bonus ------- Pacifist 200 Cogmind --------- Core Integrity 0/550 Matter 169/300 Energy 250/250 System Corruption 10% Temperature Cool (9) Movement Core (200) Ox3 Location -8/Materials Parts ------- > --- POWER (3) -------- (None) > --- PROPULSION (2) --- (None) > --- UTILITY (3) ------ Medium Storage Unit Medium Battery > --- WEAPON (3) ------- (None) > --- INVENTORY (10) --- Ion Engine VSS Leg ECM Suite Peak State ------------ > --- POWER ------------ Light Deuterium Engine Nuclear Core Light Nuclear Core > --- PROPULSION ------- Carbon-fiber Leg VSS Leg > --- UTILITY ---------- Improved Cooling System Medium Storage Unit Medium Battery > --- WEAPON ----------- Shock Rifle Beam Rifle Flak Cannon > --- INVENTORY -------- Ion Engine Improved Treads Improved Treads Targeting Computer ECM Suite Shock Rifle Shock Rifle [Rating: 30] Favorites ----------- Power Heavy Ion Engine Engine Heavy Ion Engine Power Core Light Nuclear Core Propulsion Light Treads Treads Light Treads Leg Carbon-fiber Leg Utility Medium Storage Unit Device ECM Suite Storage Medium Storage Unit Processor Signal Interpreter Weapon Small Laser Energy Gun Small Laser Energy Cannon EM Pulse Cannon Ballistic Gun Heavy Assault Rifle Ballistic Cannon Light Cannon Impact Weapon Heavy Mace Build | -11 -10 -9 -8 ------- Run | Yrd Mat Mat Mat Slots Evolved 4 | . . 2 2 Power 2 | . . . 2 Propulsion . | . . . . Utility 1 | . . 1 . Weapon 1 | . . 1 . Parts Attached 51 | 6 4 10 31 Power 11 | 1 . 1 9 Engine 5 | 1 . 1 3 Core 6 | . . . 6 Reactor . | . . . . Propulsion 11 | 2 . 2 7 Treads 6 | 2 . . 4 Leg 5 | . . 2 3 Wheel . | . . . . Hover . | . . . . Flight . | . . . . Utility 9 | 1 3 1 4 Device 4 | . 1 1 2 Storage 3 | 1 1 . 1 Processor 2 | . 1 . 1 Hackware . | . . . . Protection . | . . . . Artifact . | . . . . Weapon 20 | 2 1 6 11 Energy Gun 10 | 2 . 2 6 Energy Cannon 4 | . . 4 . Ballistic Gun 1 | . . . 1 Ballistic Cannon 3 | . 1 . 2 Launcher . | . . . . Special Weapon . | . . . . Impact Weapon 2 | . . . 2 Slashing Weapon . | . . . . Piercing Weapon . | . . . . Special Melee Weapon . | . . . . Unidentified Prototypes 1 | . . 1 . Corrupted Parts 1 | . . . 1 System Corruption 9 | . . . 9 Parts Lost 30 | . . 2 28 Power 9 | . . . 9 Propulsion 5 | . . . 5 Utility 3 | . . . 3 Weapon 13 | . . 2 11 Highest Loss Streak 9 | . . 2 9 To Critical Strikes . | . . . . Average Backups 7 | 1 4 6 7 Power 1 | . 1 1 . Propulsion 2 | . 2 2 2 Utility . | . . . 1 Weapon 2 | . 1 2 2 Tool/Special . | . . . . Unused Backups 3 | . . 2 1 Power . | . . . . Propulsion 2 | . . 2 . Utility . | . . . . Weapon 1 | . . . 1 Tool/Special . | . . . . Average Slot Usage (%) 94 | . 91 97 93 Engine 13 | . 14 11 15 Core 5 | . . . 9 Treads 11 | . 28 12 8 Leg 7 | . . 9 7 Device 12 | . . 21 10 Storage 13 | . 14 11 15 Energy Gun 14 | . 19 15 12 Energy Cannon 4 | . . 9 1 Ballistic Gun 1 | . . . 2 Ballistic Cannon 6 | . 8 6 6 Peak Build Rating 30 | 6 7 22 30 Average Rating 18 | 4 6 15 23 On Entrance 8 | . 6 7 21 Avg Prop Armor Cover (%) . | . . . . Naked Turns . | . . . . Heaviest Build 45 | 12 20 39 45 Greatest Support 46 | 40 40 40 46 Greatest Overweight (x) 13 | . . 1 13 Average Overweight (x) . | . . . 1 Largest Inventory Capacity 10 | 8 10 10 10 Average Capacity 9 | 7 9 10 10 Most Carried 10 | 4 7 9 10 Average Carried 7 | 2 4 6 7 Final Capacity 10 | 8 10 10 10 Final Carried 8 | 4 6 8 3 Class Distribution -------------------- 71% | Gunner 26% | Mutant Dominant Class ---------------- Mutant | -10/Materials Gunner | -9/Materials Gunner | -8/Materials Resources | -11 -10 -9 -8 ----------- Run | Yrd Mat Mat Mat Matter Collected 1036 | 193 . 305 538 Remotely . | . . . . Salvage Created 1613 | . . 720 893 Parts 82 | . . 38 44 Haulers Intercepted . | . . . . Recyclers Shooed . | . . . . Parts Field Recycled . | . . . . Retrieved Matter . | . . . . Parts Self-Destructed . | . . . . Prevented . | . . . . Parts Restored . | . . . . Kills | -11 -10 -9 -8 ------- Run | Yrd Mat Mat Mat Combat Hostiles Destroyed 33 | . . 15 18 Melee 2 | . . 1 1 Guns 8 | . . 3 5 Cannons 18 | . . 9 9 AOE 4 | . . 1 3 Classes Destroyed 9 | . . 7 2 Worker 2 | . . . 2 Recycler 2 | . . 2 . Operator 1 | . . 1 . Watcher 3 | . . 1 2 Swarmer 5 | . . 5 . Grunt 16 | . . 6 10 Duelist 3 | . . 1 2 Sentry 7 | . . 3 4 Hunter 2 | . . . 2 Best Kill Streak 4 | . . 3 4 Combat Bots Only 3 | . . 2 3 Max Kills in Single Turn 2 | . . 2 2 Gunslinging . | . . . . Exploded 1 | . . 1 1 Melee 1 | . . 1 1 Uniques/NPCs Destroyed . | . . . . Combat | -11 -10 -9 -8 -------- Run | Yrd Mat Mat Mat Hostile Shots Fired 387 | . . 122 265 Missed 103 | . . 33 70 Hits 284 | . . 89 195 Melee 5 | . . 2 3 Projectile 279 | . . 87 192 Critical Strikes 12 | . . 1 11 Damage Taken 3883 | . . 914 2969 Core 756 | . . 198 558 Absorbed by Shields . | . . . . Core Remaining (%) 83 | 100 100 50 . Volleys Fired 102 | . . 31 71 Largest 3 | . . 3 3 Hottest 189 | . . 189 182 Shots Fired 268 | . . 89 179 Gun 165 | . . 46 119 Cannon 103 | . . 43 60 Launcher . | . . . . Special . | . . . . Kinetic 91 | . . 22 69 Thermal 81 | . . 24 57 Explosive . | . . . . Electromagnetic 96 | . . 43 53 Robot Hit Streak 9 | . . 6 9 Robot Miss Streak 6 | . . 2 6 Penetration Max . | . . . . Secondary Targets . | . . . . Shots Hit Robots 172 | . . 55 117 Core Hits 78 | . . 24 54 Critical Kills . | . . . . Critical Parts Destroyed 1 | . . . 1 Critical Strikes 9 | . . 4 5 Burn 4 | . . . 4 Blast 1 | . . 1 . Corrupt 3 | . . 3 . Smash 1 | . . . 1 Melee Attacks 1 | . . . 1 Impact 1 | . . . 1 Slashing . | . . . . Piercing . | . . . . Sneak Attacks . | . . . . Combat Hostiles . | . . . . Follow-up Attacks . | . . . . Damage Inflicted 3347 | . . 1092 2255 Guns 1455 | . . 330 1125 Cannons 1493 | . . 620 873 Explosions 334 | . . 133 201 Melee 55 | . . . 55 Ramming 10 | . . 9 1 Kinetic 1199 | . . 301 898 Thermal 894 | . . 289 605 Explosive . | . . . . Electromagnetic 1189 | . . 493 696 Impact 55 | . . . 55 Slashing . | . . . . Piercing . | . . . . Highest Corruption 10 | . . . 10 Average Corruption 9 | . . . 9 Corruption Purged . | . . . . Corruption Blocked . | . . . . Effects 58 | . . . 58 Message Errors 9 | . . . 9 Matter Fused 10 | . . . 10 Heat Flow Errors 8 | . . . 8 Energy Discharges 5 | . . . 5 Parts Rejected 2 | . . . 2 Data Loss (minor) 9 | . . . 9 Data Loss (major) 4 | . . . 4 Misfires 5 | . . . 5 Alerts 2 | . . . 2 Misdirections 2 | . . . 2 Weapon Failures 2 | . . . 2 Overload Shots . | . . . . Overflow Damage 56 | . . 1 55 Projectiles 1 | . . 1 . Explosions . | . . . . Melee 55 | . . . 55 Knockbacks 20 | . . 5 15 Impact . | . . . . Kinetic 18 | . . 5 13 Secondary 2 | . . . 2 Self-Inflicted Damage 77 | . . 40 37 Shots 2 | . . 1 1 Rammed 1 | . . . 1 Targets Rammed 2 | . . 1 1 Kicked 1 | . . 1 . Crushed . | . . . . Highest Temperature 491 | . . 214 491 Average Temperature 136 | . . 46 156 Received Heat Transfer 1686 | . . 183 1503 Effects 23 | . . . 23 Shutdowns 9 | . . . 9 Energy Bleed 3 | . . . 3 Interference 1 | . . . 1 Matter Decay 1 | . . . 1 Short Circuit 2 | . . . 2 Damage (minor) 3 | . . . 3 Damage (major) 4 | . . . 4 Siege Activations . | . . . . Martial Activations . | . . . . Shielding Activations . | . . . . Robots Disrupted . | . . . . Combat Hostiles . | . . . . Robots Corrupted 1 | . . 1 . Combat Hostiles 1 | . . 1 . Parts Fried 4 | . . 2 2 Impact Corruptions 1 | . . . 1 Robots Melted . | . . . . Combat Hostiles . | . . . . Parts Melted . | . . . . Heat Transferred 2034 | . . 549 1485 Parts Sabotaged . | . . . . Parts Stolen . | . . . . Parts Stripped . | . . . . Power Chain Reactions 6 | . . 3 3 Alert | -11 -10 -9 -8 ------- Run | Yrd Mat Mat Mat Maximum Alert Level . | . . . . Low Security (%) 100 | 100 100 100 100 Level 1 . | . . . . Level 2 . | . . . . Level 3 . | . . . . Level 4 . | . . . . Level 5 . | . . . . High Security . | . . . . Max Security . | . . . . Peak Influence 146 | . . 141 146 Initial 46 | . . . 46 Average 33 | . . 55 29 Influence Increases 1087 | . . 436 651 Destroy 0b10 Robot/C 660 | . . 300 360 Destroy 0b10 Robot/NC 40 | . . 20 20 Destroy Leader 196 | . . 92 104 Disable Machine 105 | . . 15 90 Destroy Structure 26 | . . 9 17 Partial Spotted 15 | . . . 15 Lose Combat Pursuer 45 | . . . 45 Influence Decreases 1013 | . . 326 687 Entered New Map 64 | . . . 64 Time Decay 683 | . . 306 377 Lost Part 266 | . . 20 246 Squads Dispatched 7 | . . 5 2 Investigation 2 | . . 2 . Extermination . | . . . . Reinforcement 5 | . . 3 2 Assault . | . . . . Garrison . | . . . . Intercept . | . . . . Searches Triggered . | . . . . Construction Impeded . | . . . . Haulers Reinforced . | . . . . Active Scanning Responses . | . . . . Cargo Convoy Interrupts . | . . . . Stealth | -11 -10 -9 -8 --------- Run | Yrd Mat Mat Mat Distress Signals 6 | . . 1 5 Communications Jammed . | . . . . Distress Signals . | . . . . Times Spotted 65 | . . 33 32 Peak Tracking Total 8 | . 1 8 7 Tactical Retreats 8 | . . 5 3 ECM-based Alert Blocks 11 | . . 10 1 Traps | -11 -10 -9 -8 ------- Run | Yrd Mat Mat Mat Traps Triggered 4 | . . 2 2 Indirectly . | . . . . Trap Hack Attempts . | . . . . Triggered . | . . . . Disarmed . | . . . . Reprogrammed . | . . . . Reused . | . . . . Traps Extracted . | . . . . Installed . | . . . . Triggered . | . . . . Machines | -11 -10 -9 -8 ---------- Run | Yrd Mat Mat Mat Machines Disabled 7 | . . 1 6 Max in Single Turn 2 | . . 1 2 Machines Repaired . | . . . . Machines Dismantled . | . . . . Machines Sabotaged . | . . . . Overloaded Fab Kills . | . . . . Hacking | -11 -10 -9 -8 --------- Run | Yrd Mat Mat Mat Machines Accessed 3 | . 2 . 1 Terminals 1 | . 1 . . Fabricators . | . . . . Repair Stations 1 | . . . 1 Recycling Units 1 | . 1 . . Scanalyzers . | . . . . Garrison Access . | . . . . Total Hacks 4 | . 3 . 1 Successful 2 | . 2 . . Failed 2 | . 1 . 1 Catastrophic . | . . . . Database Lockouts . | . . . . Manual . | . . . . Terminals 2 | . 2 . . Fabricators . | . . . . Repair Stations 1 | . . . 1 Recycling Units 1 | . 1 . . Scanalyzers . | . . . . Garrison Access . | . . . . Terminal Hacks 1 | . 1 . . Record 1 | . 1 . . Fabricator Hacks . | . . . . Repair Station Hacks . | . . . . Recycling Unit Hacks 1 | . 1 . . Retrieve Components 1 | . 1 . . Scanalyzer . | . . . . Garrison Access Hacks . | . . . . Unauthorized Hacks . | . . . . Terminals . | . . . . Fabricators . | . . . . Repair Stations . | . . . . Recycling Units . | . . . . Scanalyzers . | . . . . Garrison Access . | . . . . Data Cores Recovered . | . . . . Used . | . . . . Hacking Detections . | . . . . Full Trace Events . | . . . . Feedback Events . | . . . . Feedback Blocked . | . . . . Robot Schematics Acquired . | . . . . Robots Built . | . . . . Authchips . | . . . . Time . | . . . . Total Robot Build Rating . | . . . . Part Schematics Acquired . | . . . . Parts Built . | . . . . Authchips . | . . . . Time . | . . . . Total Part Build Rating . | . . . . Part Studies Acquired . | . . . . Parts Repaired . | . . . . Time . | . . . . Parts Recycled . | . . . . Recycled Matter . | . . . . Retrieved Matter . | . . . . Retrieved Components 1 | . 1 . . Parts Scanalyzed . | . . . . Part Schematics Acquired . | . . . . Parts Damaged . | . . . . Bothacking | -11 -10 -9 -8 ------------ Run | Yrd Mat Mat Mat Used RIF Installer . | . . . . Robots Hacked . | . . . . Non-combat . | . . . . Combat . | . . . . Robot Hacks Applied . | . . . . Relay Couplers Released . | . . . . Fabnet Peak Effective % . | . . . . Robots Rewired . | . . . . Allies Hacked . | . . . . Hacks Repelled . | . . . . Allies | -11 -10 -9 -8 -------- Run | Yrd Mat Mat Mat Total Allies . | . . . . Largest Group . | . . . . Highest-Rated Group . | . . . . Highest-Rated Ally . | . . . . Total Orders . | . . . . Ally Attacks . | . . . . Total Damage . | . . . . Kills . | . . . . Allies Corrupted . | . . . . Allies Melted . | . . . . Intel | -11 -10 -9 -8 ------- Run | Yrd Mat Mat Mat Active Infowar (turns) 1943 | . . 939 1004 ECM 1943 | . . 939 1004 Robot Analysis Total . | . . . . Derelict Logs Recovered . | . . . . Drone Launches . | . . . . Drone Recoveries . | . . . . Exploration | -11 -10 -9 -8 ------------- Run | Yrd Mat Mat Mat Turns Passed 3064 | 82 319 1000 1663 Spaces Moved 1406 | 46 193 519 648 Core 29 | 6 . . 23 Treads 863 | 40 193 300 330 Legs 514 | . . 219 295 Wheels . | . . . . Hover . | . . . . Flight . | . . . . Fastest Speed 50 | 50 160 120 90 Average Speed 185 | 145 160 167 210 Slowest Speed 700 | 160 160 190 700 Overloaded Moves . | . . . . Propulsion Burnouts . | . . . . Robots Hopped . | . . . . Potential Cave-ins . | . . . . Cave-ins Triggered . | . . . . Exploration Rate (%) 27 | 4 26 39 41 Regions Visited 3 Branch Regions . Pre-discovered Areas . | . . . . Known Exits Taken . | . . . . Unknown Exits Taken 3 | 1 1 1 . Scrap Searched . | . . . . Spaces Dug . | . . . . Terrain Destroyed 22 | . . 8 14 Melee . | . . . . Projectile 4 | . . . 4 AOE 18 | . . 8 10 Terrain Rammed . | . . . . Walls Destroyed . | . . . . Machines Disabled . | . . . . Actions | -11 -10 -9 -8 --------- Run | Yrd Mat Mat Mat Total 1652 | 61 205 583 803 Wait . | . . . . Move 1403 | 45 192 518 648 Hop . | . . . . Pick Up 59 | 10 5 13 31 Fast Attach . | . . . . Attach 52 | 6 4 9 33 Detach 9 | . 3 2 4 Swap 8 | . . 3 5 Drop 16 | . 1 6 9 Fire 102 | . . 31 71 Melee 1 | . . . 1 Ram 1 | . . . 1 Kick 1 | . . 1 . Crush . | . . . . Escape Stasis . | . . . . Rewire . | . . . . Trap . | . . . . Miscellaneous . | . . . . Route ------- -11/Scrapyard -10/Materials -9/Materials -8/Materials History --------- Turn | Location | Event 34 | -11/Scrapyard | Discovered new exit (range 15) 83 | -11/Scrapyard | Entered Materials 303 | -10/Materials | Build established: Mutant 326 | -10/Materials | Discovered new exit (range 13) 402 | -10/Materials | Entered another Materials area 402 | -9/Materials | Evolved 2 slots: Utility x1, Weapon x1 968 | -9/Materials | Build established: Gunner 1388 | -9/Materials | Discovered new exit (range 5) 1402 | -9/Materials | Entered another Materials area 1402 | -8/Materials | Evolved 2 slots: Power x2 1702 | -8/Materials | Lost 3 parts (1p1u1w) 1850 | -8/Materials | System corruption reached 10% 2069 | -8/Materials | Lost 3 parts (2p1n) 2933 | -8/Materials | Core integrity fell below 50% 2974 | -8/Materials | Lost 8 parts (3p1n1u3w) 3020 | -8/Materials | Core integrity fell below 20% 3065 | -8/Materials | Destroyed by G-47 Trooper with Particle Gun Last Messages --------------- U-05 Engineer builds a Wall. U-05 Engineer builds a Door. Shock Rifle destroyed. Imp. Treads destroyed. Overheating: Energy bleed (-37). Lgt. Nuclear Core destroyed. Imp. Treads destroyed. Critical hit (Burn: +37). Lgt. Nuclear Core broken. Overheating: Short circuit. Slammed into U-05 Engineer. 6WBDDIPASI&WX00JPNIUATW4R Acquired Particle Gun. K-01 Serf collects debris. Broken Lgt. Nuclear Core destroyed. System corrupted: Matter fused (-10). Targeting Computer destroyed. Particle Gun destroyed. U-05 Engineer builds a Door. G-47 Trooper misfires. Map ----- +----------------------------------------------------+ | # #??# #????"""" # # #???????????? | | # """ #??# #????"""" # # #???????????? | | # """"" #??# #????"""" + # #???????????? | | # """"" #??# #?????????# # #???????????? | | # """"" #??# #?????????# # #???????????? | | + """ #??# #?????????# ########???????????? | | ## #??# #?????????# #??????????????????? | | "######+####### ########### #??????????????????? | | ] % %% %% #??????????????????? | | = = #??????????????????? | | %= % #??????????????????? | | """ !!!######################??????????????????? | | """" !!!##??????????????????????????????????????? | | """" !!!T#???????????#######????????????????????? | | """" = ############## #????????????????????? | | "" ! = #????????????????????? | | % %% " #????????????????????? | | ! = #????????????????????? | | #####+###########/### #????????????????????? | | # ??## %= ## ########??????????????? | | # T """ ##= ! ## g # !!! #??????????????? | | # """ ##% " ! ## u# !!! #??????????????? | | # """ ##[ " ## + !!! #??????????????? | | #! ## " ##gu # #??????????????? | | ##########??# ## # #??????????????? | | ????????????# """ ## @ #?] ! #??????????????? | | ????????????# """ ## #?######??????????????? | | ????????????# "" [## #?????????????????????? | | ????????????# ## #?????????????????????? | | ##????????????# ## +?????????????????????? | | ??????????????########## #?????????????????????? | | ???????????????????????# #?????????????????????? | | ???????????????????????# #?????????????????????? | | ???????????????????????# #?????????????????????? | | ???????????????????????# #?????????????????????? | | ???????????????????????# #?????????????????????? | | ???????????????????????+ #?????????????????????? | | ???????????????????????# w ?????????????????????? | | ???????????????????????# ?????????????????????? | | ???????????????????????? ?????????????????????? | | ???????????????????????? #?????????????????????? | | ?????????????????????????????????????????????????? | | ?????????????????????????????????????????????????? | | ?????????????????????????????????????????????????? | | ?????????????????????????????????????????????????? | | ?????????????????????????????????????????????????? | | ?????????????????????????????????????????????????? | | ?????????????????????????????????????????????????? | | ?????????????????????????????????????????????????? | | ?????????????????????????????????????????????????? | +----------------------------------------------------+ Best States ------------- Heat Dissipation 58 Energy Generation 32 Energy Capacity 665 Matter Stores 300 Matter Capacity 300 Sight Range 16 Terrain Scan Density 10 ECM Strength 1 Evasion (%) 55 Targeting Accuracy 5 Recoil Reduction 2 Item Schematics ----------------- None Robot Schematics ------------------ None Fabricated ------------ Nothing Repaired ---------- Nothing Studied --------- None Alien Tech Used ----------------- None Achievements -------------- A Problem For Future Me Bumper Bots Power Corrupts Sprinter Storm Trooper System Compromised Challenges ------------ None Game ------ Seed TeslaQuantumSpoofer Manual? 0 Play Time 00:31:54 Cumulative 2.2 hours Start 2026.07.05 @ 16:39:39 End 2026.07.05 @ 17:11:15 Sessions 1 Manual Loads 0 Difficulty Rogue Special Mode None Game No. 4 Rogue 3 Adventurer 1 Explorer 0 Win Type - Total 0 Types 0/0/0/0/0/0/0/0/0/0 Lore% 1 Gallery% 5 Achievement% 7 Wizard Run 0 Options --------- Layout 0 ASCII 0 Keyboard 0 Movement Mouse Keybinds 0 Fullscreen 2 Font 18/SmallcapsGlow Map View 38x25 Zoom Use 99% Tactical HUD 0 Map Filters NONE Filters NONE Steam 1 RUN: dc797a5e-57ed-4d94-9248-af7a1554ef6c